 Dungeon Crawl Stone Soup version 0.26.0-41-g79a4fc7684 (webtiles) character file.

Game seed: 13982991926100098378

7344 runemasterragnar the Ogre Mage (level 11, 0/105 HPs)
             Began as an Ogre Hedge Wizard on Jan 26, 2021.
             Was a Priest of Vehumet.
             Slain by a slime creature (13 damage)
             ... on level 9 of the Dungeon.
             The game lasted 00:37:48 (15596 turns).

runemasterragnar the Ogre Mage (Ogre Hedge Wizard) Turns: 15596, Time: 00:37:49

Health: 0/105      AC:  3    Str: 16    XL:     11   Next: 13%
Magic:  12/32      EV: 11    Int: 18    God:    Vehumet [***...]
Gold:   151        SH:  0    Dex:  8    Spells: 10/26 levels left

rFire    . . .     SeeInvis .   f - +5 quarterstaff "Ixkeo" {freeze, rElec rC+ MP+9}
rCold    + + .     Faith    .   (shield currently unavailable)
rNeg     + . .     Spirit   .   b - +0 robe
rPois    .         Reflect  .   c - +0 hat
rElec    +         Harm     .   (no cloak)
rCorr    .         Rampage  .   (gloves unavailable)
Will     +....                  (boots unavailable)
Stlth    +.........             (no amulet)
HPRegen  0.27/turn              g - ring of positive energy
MPRegen  0.23/turn              (no ring)

@: hasted, very quick
A: large, unfitting armour, claws 1, cold resistance 1, tough skin 1, wild magic
1
a: Renounce Religion


You were on level 9 of the Dungeon.
You worshipped Vehumet.
Vehumet was most pleased with you.
You visited 2 branches of the dungeon, and saw 10 of its levels.

You collected 403 gold pieces.
You spent 252 gold pieces at shops.

Inventory:

Hand Weapons
 a - a +0 dagger
 f - the +5 quarterstaff "Ixkeo" (weapon) {freeze, rElec rC+ MP+9}
   (You bought it in a shop on level 6 of the Dungeon)

   It has been specially enchanted to freeze those struck by it, causing extra
   injury to most foes and up to half again as much damage against particularly
   susceptible opponents.
   It can also slow down cold-blooded creatures.
   It protects you from cold.
   It insulates you from electricity.
   It affects your magic capacity (+9).
 i - a +0 short sword of flaming
 p - a +2 dagger of draining
 A - a +0 trident of flaming
Missiles
 y - a poisoned dart (quivered)
 B - 16 boomerangs
Armour
 b - a +0 robe (worn)
 c - a +0 hat (worn)
Magical Staves
 s - an uncursed staff of cold
Jewellery
 g - a ring of positive energy (left claw)
 E - a cursed -4 ring of strength {unknown}
Wands
 e - a wand of flame (4)
 r - a wand of digging (4)
Scrolls
 k - 6 scrolls of teleportation
 q - 4 scrolls of remove curse
 u - a scroll of blinking {unknown}
 v - a scroll of amnesia {unknown}
 w - a scroll of noise {unknown}
 x - a scroll of random uselessness {unknown}
 C - a scroll of fog {unknown}
 F - a scroll of magic mapping {unknown}
Potions
 d - 7 potions of curing
 h - a potion of degeneration
 j - 2 potions of flight
 l - 2 potions of lignification
 m - a potion of haste
 n - 4 potions of mutation
 t - a potion of experience {unknown}
 z - a potion of cancellation
 D - a potion of might {unknown}


   Skills:
 - Level 6.1 Fighting
 - Level 4.6 Dodging
 - Level 1.4 Stealth
 + Level 8.2 Spellcasting
 + Level 5.5 Conjurations
 * Level 1.0 Hexes
 + Level 4.1 Summonings
 - Level 4.0 Translocations
 - Level 5.0 Fire Magic
 - Level 3.7 Ice Magic
 - Level 5.0 Air Magic
 - Level 5.0 Poison Magic


You had 10 spell levels left.
You knew the following spells:

 Your Spells              Type           Power        Failure   Level
a - Magic Dart            Conj           100%         1%          1
b - Call Imp              Summ           28%          4%          2
c - Conjure Flame         Conj/Fire      34%          1%          3
d - Blink                 Tloc           N/A          4%          2
e - Freeze                Ice            100%         1%          1
f - Mephitic Cloud        Conj/Pois/Air  33%          1%          3
g - Searing Ray           Conj           70%          1%          2
h - Slow                  Hex            14%          14%         2

Your spell library contained the following spells:

 Spells                   Type           Power        Failure   Level


Dungeon Overview and Level Annotations

Branches:
Dungeon (9/15)             Temple (1/1) D:5
   Lair: D:8-11         Orc: D:9-12

Altars:
Ashenzari
Elyvilon
Gozag
Kikubaaqudgha
Nemelex Xobeh
Trog
Uskayaw
Vehumet
Xom

Shops:
D:3 *   D:6 (

Annotations:
D:9 Erolcha


Innate Abilities, Weirdness & Mutations

You are too large for most types of armour.
You have tough skin. (AC +1)
You have sharp fingernails.
Your flesh is cold resistant. (rC+)
Your spells are a little harder to cast, but a little more powerful.


Message History

You see here a large rock.
You see here a large rock.
You see here 2 large rocks.
There is a stone staircase leading down, spattered with blood here.
You climb downwards.
Level annotation: Erolcha The large slime creature hits you!!!
* * * LOW HITPOINT WARNING * * *
An ice beast comes into view.
A large slime creature splits.
There is a stone staircase leading up, spattered with blood here.
Okay, then.
The slime creature hits you.
* * * LOW HITPOINT WARNING * * *
Okay, then.
You feel much better. The slime creature closely misses you.
The slime creature hits you!
* * * LOW HITPOINT WARNING * * *
You feel yourself speed up. The slime creature hits you!
You die...

#.. ... #..# ... #..#
....#..#### #....O#.....# .
#.....'Y....####...#
#(....#...J........#
.....#.....#.........#
...#.....#..# #...........
#..#.....#..# ##...........
#..#..#'##..# ##..รท.........
#..#.##.....# ##.#...........
#...........###.##.)55.#####.
#..#'#####..##.##...J5.#


You could see 2 slime creatures, Erolcha and an ice beast.

Vanquished Creatures
  Harold (D:8)
  A death yak (D:8)
  2 slime creatures (D:9)
  A yak (D:8)
  Grum (D:9)
  16 soldier ants
  A black bear (D:7)
  An ice beast (D:6)
  An orc warrior (D:6)
  7 wolves
  A phantom (D:6)
  An ogre (D:8)
  3 centaurs
  Blork the orc (D:5)
  A big kobold (D:7)
  3 bullfrogs
  A scorpion (D:6)
  3 killer bees (D:7)
  2 wights (D:8)
  A howler monkey (D:4)
  3 electric eels (D:8)
  2 bullfrog zombies
  A hound (D:8)
  2 jellies
  5 orc wizards
  A gnoll shaman (D:8)
  An iguana (D:6)
  15 worker ants
  Natasha (thrice) (D:2)
  A howler monkey zombie (D:7)
  4 gnolls (D:8)
  8 adders
  A shadow imp (D:5)
  11 white imps
  An ooze (D:2)
  An adder skeleton (D:6)
  A dart slug (D:1)
  A worm (D:2)
  4 leopard geckos
  10 orcs
  A giant cockroach (D:8)
  A goblin (D:3)
  5 hobgoblins
  7 jackals
  4 quokkas
  3 bats
  4 frilled lizards
  A giant cockroach zombie (D:4)
  A jackal zombie (D:8)
  9 kobolds
  2 quokka skeletons
  5 rats
168 creatures vanquished.

Vanquished Creatures (collateral kills)
  Grinder (D:6)
  Menkaure (D:5)
  4 soldier ants (D:8)
  A sky beast (D:6)
  4 ogres
  3 killer bees (D:7)
  2 wights (D:8)
  An orc priest (D:7)
  2 hounds (D:5)
  An orc wizard (D:6)
  5 worker ants
  A worker ant zombie (D:5)
  2 adders
  2 worms
  5 orcs
  A bat (D:2)
  A giant cockroach (D:4)
  A hobgoblin (D:3)
  A quokka (D:4)
  A quokka simulacrum (D:8)
  A rat (D:2)
41 creatures vanquished.

Vanquished Creatures (others)
  A worker ant (D:8)
1 creature vanquished.

Grand Total: 210 creatures vanquished

Notes
Turn   | Place    | Note
-------+----------+-------------------------------------------
     0 | D:1      | runemasterragnar the Ogre Hedge Wizard began the quest for
                  | the Orb.
     0 | D:1      | Reached XP level 1. HP: 16/16 MP: 5/5
   116 | D:1      | Reached skill level 1 in Conjurations
   334 | D:1      | Reached XP level 2. HP: 26/26 MP: 3/6
   610 | D:2      | Reached skill level 1 in Fighting
   737 | D:1      | Learned a level 2 spell: Call Imp
  1023 | D:2      | Reached XP level 3. HP: 33/33 MP: 1/8
  1326 | D:2      | Noticed Natasha
  1332 | D:2      | Reached skill level 4 in Spellcasting
  1341 | D:2      | Killed Natasha
  1342 | D:2      | Reached XP level 4. HP: 4/42 MP: 0/10
  1636 | D:2      | Noticed Natasha
  1643 | D:2      | Killed Natasha
  1661 | D:2      | Noticed Natasha
  1678 | D:1      | Gained mutation: You have sharp fingernails. [potion of
                  | mutation]
  1678 | D:1      | Gained mutation: Your flesh is cold resistant. (rC+)
                  | [potion of mutation]
  1678 | D:1      | Gained mutation: Your spells are a little harder to cast,
                  | but a little more powerful. [potion of mutation]
  2083 | D:2      | Killed Natasha
  2154 | D:2      | Reached XP level 5. HP: 45/49 MP: 8/11
  2472 | D:2      | Noticed an ogre
  2484 | D:2      | Killed an ogre
  3108 | D:3      | Found Gozag's Platinum Reserve.
  3109 | D:3      | Found an opulent altar of Gozag.
  3591 | D:4      | Reached XP level 6. HP: 54/61 MP: 3/12
  4525 | D:5      | Entered Level 5 of the Dungeon
  4538 | D:5      | Found a staircase to the Ecumenical Temple.
  4544 | Temple   | Entered the Ecumenical Temple
  4610 | Temple   | Became a worshipper of Vehumet
  4882 | D:5      | Noticed Blork the orc
  4897 | D:5      | Killed Blork the orc
  5076 | D:5      | Reached skill level 5 in Spellcasting
  5076 | D:5      | Reached XP level 7. HP: 41/68 MP: 6/14
  5492 | D:5      | Noticed Menkaure
  5499 | D:5      | Killed Menkaure
  5747 | D:5      | Learned a level 3 spell: Conjure Flame
  6073 | D:6      | Learned a level 2 spell: Blink
  6126 | D:6      | Reached skill level 1 in Summonings
  6126 | D:6      | Reached skill level 1 in Translocations
  6328 | D:6      | Reached XP level 8. HP: 69/79 MP: 16/16
  6680 | D:6      | Reached skill level 5 in Fighting
  6895 | D:6      | Reached * piety under Vehumet
  6895 | D:6      | Offered knowledge of Freeze by Vehumet.
  6898 | D:6      | Learned a level 1 spell: Freeze
  7452 | D:6      | Noticed Grinder
  7478 | D:6      | Paralysed by Grinder for 7 turns
  7498 | D:6      | Killed Grinder
  7499 | D:6      | Reached skill level 6 in Spellcasting
  7794 | D:6      | Found Deybuhed's Antique Weapon Shoppe.
  7800 | D:6      | Bought an ancient quarterstaff for 252 gold pieces
  7800 | D:6      | Identified the +5 quarterstaff "Ixkeo" {freeze, rElec rC+
                  | MP+9} (You bought it in a shop on level 6 of the Dungeon)
  8301 | D:7      | Reached XP level 9. HP: 38/89 MP: 11/18
  8694 | D:7      | Learned a level 3 spell: Mephitic Cloud
  8765 | D:7      | Offered knowledge of Sandblast by Vehumet.
  9203 | D:7      | Reached ** piety under Vehumet
  9583 | D:7      | Reached skill level 1 in Fire Magic
  9583 | D:7      | Reached skill level 1 in Ice Magic
  9583 | D:7      | Reached skill level 1 in Air Magic
  9583 | D:7      | Reached skill level 1 in Poison Magic
  9822 | D:8      | Noticed Harold
  9851 | D:8      | Killed Harold
 10510 | D:8      | Reached XP level 10. HP: 68/93 MP: 20/20
 10762 | D:8      | Reached skill level 7 in Spellcasting
 11435 | D:8      | Noticed a death yak
 11470 | D:8      | Noticed a two-headed ogre
 12345 | D:8      | Offered knowledge of Searing Ray by Vehumet.
 12349 | D:8      | Learned a level 2 spell: Searing Ray
 12727 | D:7      | Reached skill level 5 in Conjurations
 13062 | D:8      | Killed a death yak
 13252 | D:8      | HP: 3/98 [wolf (9)]
 13766 | D:8      | Noticed a queen ant
 13856 | D:8      | Reached *** piety under Vehumet
 14278 | D:8      | Learned a level 2 spell: Slow
 14466 | D:8      | Reached XP level 11. HP: 91/105 MP: 22/22
 14882 | D:9      | Noticed Grum
 14897 | D:9      | Reached skill level 5 in Fire Magic
 14897 | D:9      | Reached skill level 5 in Poison Magic
 14914 | D:9      | HP: 5/105 [wolf[Grum] (12)]
 14924 | D:9      | Killed Grum
 14925 | D:9      | Reached skill level 8 in Spellcasting
 14925 | D:9      | Reached skill level 5 in Air Magic
 15472 | D:9      | Reached skill level 1 in Hexes
 15517 | D:9      | Noticed Erolcha
 15596 | D:9      | Slain by a slime creature

Illustrated notes

Levels and vault maps discovered:
D:1:      minmay_arrival_checkered_box, layout_rooms
D:2:      layout_basic, chequers_serial_rivers_room_b, uniq_natasha
D:3:      wander_river, layout_basic, nicolae_gozag_zags_fifth_avenue
D:4:      layout_rooms
D:5:      layout_gridville, minmay_temple_entry_gardened_gates, uniq_menkaure,
          uniq_blork_the_orc
D:6:      layout_basic, serial_shops, kennysheep_little_box,
          kennysheep_generic_room_13, uniq_grinder
D:7:      layout_loops_corners
D:8:      nzn_winding_woodlands_three_and_one
          [nzn_winding_woodlands_5x15_pockets,
          nzn_winding_woodlands_5x15_zeroes, nzn_winding_woodlands_5x15_default,
          nzn_winding_woodlands_center_triple_pond], layout_basic, serial_ice,
          serial_ice_h, serial_ice_g, serial_ice_n, serial_ice_f, serial_ice_k,
          serial_ice_m, minivault_29, uniq_harold
D:9:      layout_irregular_city, minmay_misc_feat_iff, lemuel_angel_altar,
          uniq_pikel, uniq_erica, uniq_grum, uniq_erolcha
Temple:   roderic_octagonal_lattice_temple

Skill      XL: |  1  2  3  4  5  6  7  8  9 10 11 |
---------------+----------------------------------+-----
Conjurations   | 1 2 3 4 5 |  5.5
Fighting       | 1 2 3 4 5 6 |  6.1
Dodging        | 2 3 4 |  4.6
Spellcasting   | 4 5 6 7 8 |  8.2
Summonings     | 1 3 4 |  4.1
Translocations | 1 3 4 |  4.0
Fire Magic     | 2 4 5 |  5.0
Ice Magic      | 2 3 |  3.7
Air Magic      | 2 4 5 |  5.0
Poison Magic   | 2 4 5 |  5.0
Hexes          | 1 |  1.0
Stealth        | |  1.4

Action                   |  1- 3 |  4- 6 |  7- 9 | 10-12 || total
-------------------------+-------+-------+-------+-------++-------
Melee: Dagger            |    23 |       |       |       ||    23
       Short sword       |     8 |    78 |    34 |       ||   120
       Quarterstaff      |       |       |    69 |   115 ||   184
       Unarmed           |       |       |     9 |       ||     9
Throw: Large rock        |       |     1 |    42 |     8 ||    51
       Dart              |       |       |       |     9 ||     9
       Boomerang         |       |       |       |     2 ||     2
 Cast: Magic Dart        |    61 |    57 |   104 |   133 ||   355
       Call Imp          |     3 |    33 |    61 |    68 ||   165
       Conjure Flame     |       |       |     2 |    11 ||    13
       Blink             |       |       |     3 |    15 ||    18
       Mephitic Cloud    |       |       |     5 |    36 ||    41
       Searing Ray       |       |       |       |    14 ||    14
Evoke: Wand              |       |     4 |       |     1 ||     5
  Use: Scroll            |       |     8 |     5 |       ||    13
       Potion            |       |     2 |     2 |     6 ||    10
 Stab: Distracted        |       |     1 |     1 |     1 ||     3
       Sleeping          |       |       |     1 |       ||     1
       Confused          |       |       |       |     2 ||     2
Armor: Robe              |    15 |    14 |    29 |    17 ||    75
       Skin              |       |       |     4 |     5 ||     9
Dodge: Dodged            |    37 |    46 |   111 |    89 ||   283
